 Dungeon Crawl Stone Soup version 0.21.0-3-g78d12a8 (webtiles) character file.

4461 HungrySpirit the Skirmisher (level 10, -2/53 HPs)
             Began as a Vine Stalker Arcane Marksman on Jan 8, 2018.
             Was a Believer of Okawaru.
             Slain by a komodo dragon (18 damage)
             ... on level 8 of the Dungeon.
             The game lasted 00:25:14 (9236 turns).

HungrySpirit the Skirmisher (VSAM)                  Turns: 9236, Time: 00:25:15

Health: -2/53      AC:  6    Str: 13    XL:     10   Next: 37%
Magic:  0/13       EV: 17    Int: 13    God:    Okawaru [**....]
Gold:   396        SH:  0    Dex: 21    Spells: 9/11 levels left

rFire    . . .     SeeInvis .   x - +4 scimitar (curse)
rCold    + . .     Gourm    .   (no shield)
rNeg     + . .     Faith    .   h - +2 leather armour {rN+}
rPois    .         Spirit   +   (no helmet)
rElec    .         Reflect  .   p - +0 cloak
rCorr    .         Harm     .   (no gloves)
MR       +....                  (no boots)
Stlth    ++........             w - amulet of rage
HPRegen  0.57/turn              v - +3 ring of dexterity
MPRegen  0.13/turn              (no ring)

@: no status effects
A: claws 1, fangs 3, cold resistance 1, high mp 1, regeneration 1, magic shield,
antimagic bite, no potion heal 3, rot immunity
a: Heroism, Renounce Religion, Evoke Berserk Rage


You were on level 8 of the Dungeon.
You worshipped Okawaru.
Okawaru was pleased with you.
You were near starving.

You visited 2 branches of the dungeon, and saw 10 of its levels.
You also visited: Ossuary.

You collected 396 gold pieces.

Inventory:

Hand Weapons
 r - a +0 long sword
 x - a cursed +4 scimitar (weapon)
Armour
 h - a +2 leather armour of positive energy (worn)
 p - a +0 cloak (worn)
Jewellery
 g - an uncursed amulet of the gourmand
 l - a cursed amulet of inaccuracy {unknown}
 v - a +3 ring of dexterity (left claw)
 w - an amulet of rage (around neck)
Wands
 y - a wand of iceblast (6)
 A - a wand of flame (40)
 B - a wand of paralysis (16)
Scrolls
 b - 2 scrolls of teleportation
 d - a scroll of noise
 i - 3 scrolls of amnesia
 j - 4 scrolls of remove curse {unknown}
 m - 2 scrolls of blinking
 n - a scroll of immolation {unknown}
 o - 3 scrolls of identify
 s - 2 scrolls of enchant armour {unknown}
 t - 2 scrolls of enchant weapon {unknown}
Potions
 a - a potion of curing
 k - a potion of degeneration {unknown}
 q - 4 potions of flight
Books
 c - a book of Debilitation

   Spells                             Type                      Level
   a - Corona                         Hexes                        1
   b - Slow                           Hexes                        2
   c - Inner Flame                    Hexes/Fire                   3
   d - Portal Projectile              Hexes/Translocation          3
   e - Cause Fear                     Hexes                        4
   f - Leda's Liquefaction            Hexes/Earth                  4
 e - a book of Cantrips

   Spells                             Type                      Level
   a - Confusing Touch                Hexes                        1
   b - Animate Skeleton               Necromancy                   1
   c - Summon Small Mammal            Summoning                    1
   d - Apportation                    Translocation                1
 u - a book of Conjurations

   Spells                             Type                      Level
   a - Magic Dart                     Conjuration                  1
   b - Searing Ray                    Conjuration                  2
   c - Dazzling Spray                 Conjuration/Hexes            3
   d - Fulminant Prism                Conjuration/Hexes            4
   e - Force Lance                    Conjuration/Translocation    4
   f - Iskenderun's Mystic Blast      Conjuration                  4
Comestibles
 f - 15 rations


   Skills:
 + Level 6.9 Fighting
   Level 6.4(7.8) Short Blades
 * Level 6.7(8.0) Long Blades
   Level 1.7 Bows
 + Level 6.4 Dodging
 - Level 1.1 Spellcasting
 - Level 3.0 Hexes


You had 9 spell levels left.
You knew the following spells:

 Your Spells              Type           Power        Failure   Level  Hunger
a - Corona                Hex            #......      11%         1    ##.....
b - Apportation           Tloc           #.....       34%         1    ##.....


Dungeon Overview and Level Annotations

Branches:
Dungeon (9/15)             Temple (1/1) D:5             Orc (0/2) D:9
   Lair: D:8-11

Altars:
Ashenzari
Cheibriados
Dithmenos
Elyvilon
Fedhas
Hepliaklqana
Kikubaaqudgha
Nemelex Xobeh
Okawaru
Qazlal
Sif Muna
Trog
Uskayaw
Vehumet
Wu Jian
Xom
Yredelemnul
Zin
The Shining One

Shops:
D:7 %

Annotations:
D:2 Natasha
D:4 Vajrapani's ghost, amateur VSAM
D:5 Grinder


Innate Abilities, Weirdness & Mutations

You have razor-sharp teeth.
Your natural rate of healing is unusually fast.
When hurt, damage is shared between your health and your magic reserves.
Your bite disrupts and absorbs the magic of your enemies.
Potions cannot restore your health.
You are immune to rotting.
You have sharp fingernails.
Your flesh is cold resistant. (rC+)
You have an increased reservoir of magic. (+10% MP)


Message History

You climb downwards.
A komodo dragon comes into view.
There is a stone staircase leading up here.
The komodo dragon hisses angrily.
You hit the komodo dragon.
You bite the komodo dragon, but do no damage.
The komodo dragon is lightly wounded.
The komodo dragon bites you!!
You're too hungry.
You're too hungry.
You're too hungry.
There is a stone staircase leading up here.
The komodo dragon bites you!!
* * * LOW HITPOINT WARNING * * *
You hear an angry hiss.
You climb upwards.
There is a stone staircase leading down here.
Unknown command.
The komodo dragon bites you!!
You die...

###### ######## ### #....#
#......########## ..# #....#
#......#......... ..# #....#
#......#......... ..# #....#
#......#.........
.#######....#####......#####..##>
###...#........>@##'#....###..##.
..#...#........l.#..#....#.......
..#...#..........#..#....#.......
..#...#..........#..#....#.......
..#...#..........#..#....#.......
..#...#..........#..#....#.......
..#..##..........#.##....#..#####
..#..#####....####.#....##..####.
..#..#...#....#....#....#...#....


You could see a komodo dragon.

Vanquished Creatures
  Pikel (D:4)
  A hornet (D:8)
  Prince Ribbit (D:9)
  Eustachio (D:6)
  Edmund (D:6)
  The ghost of Aviak the Vexing, an amateur VSAM of Uskayaw (D:3)
  Duvessa (D:6)
  3 orc warriors
  2 ice beasts
  2 phantoms
  7 ogres
  4 centaurs
  A gnoll sergeant (D:6)
  A bullfrog (D:6)
  2 scorpions
  Dowan (D:6)
  3 killer bees (D:9)
  6 wights
  6 crimson imps
  A bullfrog zombie (D:6)
  An orc priest (D:4)
  2 centaur zombies
  Crazy Yiuf (D:2)
  2 hounds
  2 orc wizards (D:5)
  A bullfrog skeleton (D:6)
  A centaur skeleton (D:5)
  Natasha (D:2)
  7 worker ants
  A hound zombie (D:6)
  A hound skeleton (D:8)
  A worker ant zombie (D:5)
  10 adders
  A shadow imp (D:3)
  An adder zombie (D:6)
  An adder skeleton (D:4)
  3 worms
  3 dart slugs
  6 leopard geckos
  20 orcs
  2 ball pythons
  4 bats
  3 giant cockroaches
  A gnoll zombie (Ossuary)
  6 hobgoblins
  11 jackals
  4 quokkas
  6 frilled lizards
  4 goblins
  2 goblin zombies (Ossuary)
  4 hobgoblin zombies
  A jackal zombie (D:6)
  7 kobolds
  A leopard gecko zombie (D:5)
  A quokka skeleton (D:6)
  7 rats
  A fungus (D:2)
177 creatures vanquished.

Vanquished Creatures (others)
  A hobgoblin zombie (Ossuary)
1 creature vanquished.

Grand Total: 178 creatures vanquished

Notes
Turn   | Place    | Note
-------+----------+-------------------------------------------
     0 | D:1      | HungrySpirit the Vine Stalker Arcane Marksman began the quest for the Orb.
     0 | D:1      | Reached XP level 1. HP: 9/9 MP: 3/3
     4 | D:1      | Reached skill level 1 in Fighting
    90 | D:1      | Reached XP level 2. HP: 12/14 MP: 4/4
   916 | D:2      | Noticed Natasha
   925 | D:2      | Noticed a crimson imp
   925 | D:2      | Killed Natasha
   925 | D:2      | Reached skill level 1 in Short Blades
   925 | D:2      | Reached XP level 3. HP: 8/18 MP: 2/5
  1323 | D:2      | Noticed Natasha
  1396 | D:2      | Gained mutation: Your natural rate of healing is unusually fast. [Vine Stalker growth]
  1396 | D:2      | Reached XP level 4. HP: 23/23 MP: 6/6
  1858 | D:2      | Found a runed door.
  1863 | D:2      | Noticed Crazy Yiuf
  1952 | D:2      | Killed Crazy Yiuf
  2186 | D:3      | Noticed Aviak's ghost (amateur VSAM)
  2404 | D:3      | Reached XP level 5. HP: 27/27 MP: 7/7
  2492 | D:3      | Killed Aviak's ghost
  2641 | D:3      | Reached XP level 6. HP: 31/32 MP: 6/8
  2824 | D:4      | Noticed Vajrapani's ghost (amateur VSAM)
  3276 | D:4      | Found a sand-covered staircase.
  3281 | Ossuary  | Entered an ossuary
  3281 | Ossuary  | Noticed a wraith
  3281 | Ossuary  | Noticed a wraith
  3281 | Ossuary  | Noticed a wraith
  3351 | Ossuary  | Noticed a wraith
  3987 | D:4      | Noticed Pikel
  3992 | D:4      | Noticed a slave
  4012 | D:4      | Noticed a slave
  4014 | D:4      | Noticed a slave
  4029 | D:4      | Noticed a slave
  4088 | D:4      | Killed Pikel
  4088 | D:4      | Reached skill level 5 in Short Blades
  4088 | D:4      | Reached XP level 7. HP: 16/37 MP: 3/9
  4088 | D:4      | Gained mutation: You have razor-sharp teeth. [Vine Stalker growth]
  4088 | D:4      | Reached XP level 8. HP: 19/42 MP: 3/10
  4373 | D:5      | Entered Level 5 of the Dungeon
  4462 | D:5      | Found a staircase to the Ecumenical Temple.
  4507 | Temple   | Entered the Ecumenical Temple
  4664 | Temple   | Became a worshipper of Warmaster Okawaru
  5252 | D:5      | Noticed Grinder
  5405 | D:6      | Noticed Duvessa
  5430 | D:6      | Reached * piety under Okawaru
  5465 | D:6      | Noticed Prince Ribbit
  5497 | D:6      | Gained mutation: Your flesh is cold resistant. (rC+) [potion of mutation]
  5497 | D:6      | Gained mutation: You have sharp fingernails. [potion of mutation]
  5497 | D:6      | Gained mutation: You have an increased reservoir of magic. (+10% MP) [potion of mutation]
  5518 | D:6      | Reached skill level 5 in Fighting
  5518 | D:6      | Reached skill level 1 in Long Blades
  5526 | D:6      | Noticed Dowan
  5624 | D:6      | Reached XP level 9. HP: 42/47 MP: 12/12
  5698 | D:6      | Killed Dowan
  5698 | D:6      | Reached skill level 5 in Dodging
  5759 | D:6      | Killed Duvessa
  5983 | D:6      | Found a bloodstained altar of Trog.
  6017 | D:6      | Noticed Edmund
  6129 | D:6      | Killed Edmund
  6494 | D:6      | Noticed Eustachio
  6547 | D:6      | Killed Eustachio
  7192 | D:7      | Reached skill level 5 in Long Blades
  7235 | D:7      | Learned a level 1 spell: Apportation
  7383 | D:7      | Reached ** piety under Okawaru
  7461 | D:7      | Found Muhusiot's Food Shop.
  7542 | D:7      | Reached XP level 10. HP: 53/53 MP: 13/13
  9073 | D:9      | Killed Prince Ribbit
  9096 | D:9      | Found a staircase to the Orcish Mines.
  9236 | D:8      | Slain by a komodo dragon

Skill      XL: |  1  2  3  4  5  6  7  8  9 10 |
---------------+-------------------------------+-----
Fighting       | 1 2 4 5 6 |  6.9
Short Blades   | 1 2 3 5 6 |  6.4
Dodging        | 2 3 4 5 6 |  6.4
Long Blades    | 2 5 6 |  6.7
Bows           | |  1.7
Spellcasting   | |  1.1
Hexes          | |  3.0

Action                   |  1- 3 |  4- 6 |  7- 9 | 10-12 || total
-------------------------+-------+-------+-------+-------++-------
Melee: Short sword       |    30 |   348 |   167 |       ||   545
       Bite              |     1 |    99 |   148 |    40 ||   288
       Long sword        |       |       |   214 |       ||   214
       Punch             |       |       |     3 |       ||     3
       Scimitar          |       |       |    14 |    82 ||    96
 Fire: Shortbow          |    54 |     2 |       |       ||    56
 Cast: Corona            |       |     4 |       |       ||     4
Invok: Heroism           |       |       |    11 |     3 ||    14
 Abil: Evoke Berserk Rag |       |       |     3 |       ||     3
  Use: Potion            |       |     8 |     5 |       ||    13
       Scroll            |       |       |     6 |       ||     6
 Stab: Sleeping          |     1 |     1 |     1 |     1 ||     4
       Invisible         |       |       |     3 |       ||     3
  Eat: Chunk             |     1 |     3 |    14 |     4 ||    22
       Ration            |       |     2 |       |       ||     2
Armor: Robe              |     9 |    33 |    28 |       ||    70
       Skin              |       |    32 |       |       ||    32
       Leather armour    |       |       |     9 |    24 ||    33
Dodge: Dodged            |    35 |   156 |   285 |    75 ||   551
       Rpst.: Long sword |       |       |    40 |       ||    40
       Scimitar          |       |       |     3 |    22 ||    25
